 Dungeon Crawl Stone Soup version 0.30-a0-39-g42789b21ef (webtiles) character file.

Game seed: 14142470820229136689

1892 BritishOli the Fighter (level 8, -2/70 HPs)
             Began as a Demonspawn Fighter on Aug 29, 2022.
             Was a Follower of Makhleb.
             Shot with an arrow by a centaur (15 damage)
             ... on level 7 of the Dungeon.
             The game lasted 00:13:41 (8226 turns).

BritishOli the Fighter (Demonspawn Fighter)         Turns: 8226, Time: 00:13:42

Health: -2/70      AC: 11    Str: 18    XL:     8   Next: 93%
Magic:  0/17       EV: 11    Int: 10    God:    Makhleb [*.....]
Gold:   466        SH:  0    Dex: 13    Spells: 7/7 levels left

rFire   . . .      SeeInvis +    y - +4 battleaxe "Qointat" {vorpal, MP+9}
rCold   . . .      Faith    .    (shield currently unavailable)
rNeg    . . .      Spirit   +    l - +2 leather armour {rPois}
rPois   +          Reflect  .    (helmet unavailable)
rElec   .          Harm     .    (no cloak)
rCorr   .          Rampage  .    (no gloves)
Will    .....                    (no boots)
Stlth   +.........               e - amulet of guardian spirit
HPRegen 1.21/turn                (no ring)
MPRegen 0.15/turn                (no ring)

@: sanguine armoured
A: antennae 3, demonic guardian 1, powered by death 1, sanguine armour 1
a: Renounce Religion


You were on level 7 of the Dungeon.
You worshipped Makhleb.
Makhleb was aware of your devotion.
You visited 2 branches of the dungeon, and saw 8 of its levels.

You collected 466 gold pieces.

Inventory:

Hand Weapons
 a - a +0 long sword
 y - the +4 battleaxe "Qointat" (weapon) {vorpal, MP+9}
   (You found it on level 4 of the Dungeon)

   It inflicts extra damage upon your enemies.
   MP:        It affects your magic capacity (+9).
Missiles
 E - 4 javelins (quivered)
Armour
 b - a +0 scale mail
 c - a +0 buckler
 l - a +2 leather armour of poison resistance (worn)
Jewellery
 e - an amulet of guardian spirit (around neck)
 r - an amulet of the acrobat
Wands
 F - a wand of polymorph (8)
Scrolls
 g - 2 scrolls of vulnerability {unknown}
 h - 6 scrolls of identify {unknown}
 m - a scroll of blinking {unknown}
 n - a scroll of immolation {unknown}
 o - 4 scrolls of teleportation
 t - 2 scrolls of magic mapping {unknown}
 u - a scroll of enchant armour {unknown}
 w - a scroll of noise {unknown}
 C - a scroll of butterflies {unknown}
 D - a scroll of torment {unknown}
Potions
 d - a potion of might
 f - a potion of heal wounds
 i - 4 potions of haste {unknown}
 j - 6 potions of curing {unknown}
 k - 3 potions of mutation {unknown}
 p - a potion of brilliance
 q - 3 potions of degeneration {unknown}
 s - a potion of resistance {unknown}
 v - 2 potions of attraction {unknown}
 x - a potion of cancellation {unknown}
 z - a potion of lignification {unknown}
 A - a potion of invisibility {unknown}
 B - a potion of ambrosia {unknown}
 G - a potion of flight {unknown}


   Skills:
 + Level 8.8 Fighting
 - Level 3.8 Long Blades
 + Level 6.1 Axes
 - Level 3.0 Armour
 - Level 3.0 Shields


You had 7 spell levels left.
You didn't know any spells.
Your spell library contained the following spells:

 Spells                   Type           Power      Damage    Failure   Level
 Sandblast                Erth           0%         2d4       41%         1
 Summon Small Mammal      Summ           0%         N/A       41%         1
 Passwall                 Tmut/Erth      0%         N/A       56%         2
 Call Canine Familiar     Summ           0%         N/A       80%         3
 Stone Arrow              Conj/Erth      0%         3d7       80%         3
 Summon Guardian Golem    Hex/Summ       0%         N/A       80%         3
 Olgreb's Toxic Radiance  Pois           0%         N/A       99%         4
 Haunt                    Necr/Summ      0%         N/A       100%        7
 Malign Gateway           Summ/Tloc      0%         N/A       100%        7
 Ozocubu's Refrigeration  Ice            0%         4d7       100%        7
 Ignition                 Fire           0%         3d3       100%        8


Dungeon Overview and Level Annotations

Branches:
Dungeon (7/15)             Temple (1/1) D:4

Altars:
Ashenzari
Cheibriados
Fedhas
Kikubaaqudgha
Makhleb
Qazlal
Sif Muna
Uskayaw
Vehumet
Xom

Shops:
D:2 (

Annotations:
D:5 1 runed translucent door, Plasmagod's ghost, novice HOMo


Innate Abilities, Weirdness & Mutations

You have a pair of large antennae on your head. (SInv)
A weak demonic guardian rushes to your aid.
You regenerate a little health from kills.
When seriously injured, your blood forms armour. (AC +6)


Message History

* * * LOW HITPOINT WARNING * * *
Your ufetubus hits the centaur but does no damage.
Your ufetubus closely misses the centaur.
The centaur shoots an arrow.
The arrow hits you!
* * * LOW HITPOINT WARNING * * *
The arrow burns you.
* * * LOW HITPOINT WARNING * * *
Your ufetubus hits the centaur but does no damage.
Your ufetubus hits the centaur.
The orc warrior completely misses your ufetubus.
The centaur shoots an arrow.
The arrow hits you.
* * * LOW HITPOINT WARNING * * *
The arrow burns you.
* * * LOW HITPOINT WARNING * * *
Your ufetubus hits the centaur but does no damage.
Your ufetubus hits the centaur.
You feel much better.
The centaur shoots an arrow.
The arrow closely misses you.
Your ufetubus hits the centaur. x2
The orc hits you but does no damage. The orc attacks as you move away!
The orc barely misses you. Something barely misses your ufetubus.
Something misses your ufetubus.
You completely miss the orc.
Your ufetubus disappears in a puff of smoke!
The orc hits you but does no damage.
The centaur wields a +4 shortbow of flaming.
It bursts into flame!
The centaur shoots an arrow.
The arrow hits you. The arrow burns you.
You barely miss the orc. The orc barely misses you.
The orc warrior closely misses you. The orc attacks as you move away!
The orc hits you but does no damage.
The centaur shoots an arrow.
The arrow hits you!
* * * LOW HITPOINT WARNING * * *
The arrow burns you.
* * * LOW HITPOINT WARNING * * *
Items here: (( ))) [ †††.
You hit the orc.
You kill the orc!
Makhleb accepts your kill.
The centaur shoots an arrow.
The arrow hits you!
You die...

####....................
#..#..##..#.............
#.....##.##.##..##+#####
#<..##...##.#...#
###..#...#......#
#...)..........# {
###.>c#o##.....#
##..#))..##..# {
##..@........#
#..<)##.....##
#..######..## ##.# ....
### ##..# .... ...


You could see an orc warrior and a centaur.

Vanquished Creatures
  Eustachio (D:6)
  An orc warrior (D:5)
  A black bear (D:6)
  2 ogres
  A phantom (D:7)
  A kobold brigand (D:7)
  2 necrophages (D:6)
  A bullfrog (D:6)
  2 scorpions
  5 jellies
  2 orc priests
  2 gnoll boudas
  3 hounds
  4 iguanas
  An orc wizard (D:7)
  11 gnolls
  10 adders
  An ufetubus (D:6)
  A worm (D:2)
  2 dart slugs
  10 orcs
  4 bats
  4 endoplasms
  4 giant cockroaches
  7 goblins
  5 hobgoblins
  3 jackals (D:1)
  2 quokkas
  6 ball pythons
  3 frilled lizards (D:1)
  5 kobolds
  8 rats
115 creatures vanquished.

Vanquished Creatures (collateral kills)
  A scorpion (D:4)
  An iguana (D:5)
  Jessica (D:3)
  2 gnolls
  An adder (D:3)
  A worm (D:2)
  3 orcs
  A giant cockroach (D:2)
  A jackal (D:1)
  A ball python (D:2)
  2 frilled lizards (D:2)
15 creatures vanquished.

Grand Total: 130 creatures vanquished

Notes
Turn   | Place    | Note
-------+----------+-------------------------------------------
     0 | D:1      | BritishOli the Demonspawn Fighter began the quest for the
                  | Orb.
     0 | D:1      | Reached XP level 1. HP: 18/18 MP: 1/1
   217 | D:1      | Gained mutation: A weak demonic guardian rushes to your
                  | aid. [demonic ancestry]
   217 | D:1      | Reached XP level 2. HP: 7/24 MP: 2/2
  1126 | D:1      | Gained mutation: You regenerate a little health from kills.
                  | [demonic ancestry]
  1126 | D:1      | Reached XP level 3. HP: 10/29 MP: 3/3
  1539 | D:2      | Found Vous's Antique Weapon Shoppe.
  1709 | D:2      | Gained mutation: You have a pair of small antennae on your
                  | head. [demonic ancestry]
  1709 | D:2      | Reached XP level 4. HP: 27/37 MP: 4/4
  2036 | D:2      | Identified the +2 robe "Fifeid" {-Tele rC- Will+++ Regen+}
  2237 | D:3      | Got Sif Muna's Quarto of Convocation
  2253 | D:3      | Reached skill level 4 in Fighting
  2286 | D:3      | Found a faded altar of an unknown god.
  2716 | D:3      | Found a burning altar of Makhleb.
  2726 | D:3      | Reached XP level 5. HP: 42/42 MP: 5/5
  2849 | D:3      | Noticed Jessica
  2868 | D:3      | Killed Jessica
  3273 | D:4      | You fall into a shaft and drop 1 floor!
  3273 | D:5      | Entered Level 5 of the Dungeon
  3859 | D:5      | Reached skill level 5 in Fighting
  4090 | D:5      | Gained mutation: When seriously injured, your blood forms
                  | armour. (AC +6) [demonic ancestry]
  4090 | D:5      | Reached XP level 6. HP: 48/51 MP: 6/6
  4110 | D:5      | Noticed an orc warrior
  4331 | D:4      | Identified the +4 battleaxe "Qointat" {vorpal, MP+9}
  4421 | D:4      | Reached skill level 1 in Axes
  4443 | D:4      | Found a shimmering altar of Xom.
  4493 | D:4      | Reached skill level 6 in Fighting
  4615 | D:4      | Gained mutation: You have a pair of antennae on your head.
                  | [demonic ancestry]
  4615 | D:4      | Reached XP level 7. HP: 36/58 MP: 7/7
  4941 | D:4      | Found a staircase to the Ecumenical Temple.
  4955 | Temple   | Entered the Ecumenical Temple
  5088 | D:3      | Became a worshipper of Makhleb the Destroyer
  5933 | D:5      | Found a runed translucent door.
  5934 | D:5      | Noticed Plasmagod's ghost (novice HOMo)
  6456 | D:5      | Reached skill level 7 in Fighting
  6810 | D:6      | Gained mutation: You have a pair of large antennae on your
                  | head. (SInv) [demonic ancestry]
  6810 | D:6      | Reached XP level 8. HP: 59/67 MP: 8/8
  7196 | D:6      | Noticed Eustachio
  7207 | D:6      | Killed Eustachio
  7208 | D:6      | Reached skill level 8 in Fighting
  7208 | D:6      | Reached skill level 5 in Axes
  7536 | D:6      | Reached * piety under Makhleb
  8038 | D:6      | Found a stormy altar of Qazlal.
  8226 | D:7      | Shot with an arrow by a centaur

Illustrated notes

Levels and vault maps discovered:
D:1:      reono_arrival_mine, layout_basic
D:2:      layout_rooms, serial_curves, eino_curves_02, eino_curves_02,
          serial_shops, nicolae_square_shop
D:3:      layout_basic, mainiacjoe_overflow_brackets, basic_ecumenical_altar,
          uniq_jessica
D:4:      layout_cave_pods, xom_butterflies, temple_fountains, serial_rivers,
          chequers_serial_rivers_large_a, chequers_serial_rivers_micro_b,
          chequers_serial_rivers_room_b, chequers_serial_rivers_micro_a,
          chequers_serial_rivers_micro_e
D:5:      layout_basic, ebering_ghost_reflecting_pool, cheibrodos_gnoll_hut
D:6:      layout_gridville, nicolae_qazlal_scattered_showers, uniq_eustachio
D:7:      layout_cave_pools, nicolae_yredelemnul_ghost_church,
          minmay_misc_feat_room, st_stairs_11, chequers_mini_garden
Temple:   eino_temple_lava

Skill      XL: |  1  2  3  4  5  6  7  8 |
---------------+-------------------------+-----
Long Blades    | 2 3 |  3.8
Shields        | 3 |  3.0
Armour         | 3 |  3.0
Fighting       | 4 5 6 7 8 |  8.8
Axes           | 2 4 6 |  6.1

Action                   |  1- 3 |  4- 6 |  7- 9 || total
-------------------------+-------+-------+-------++-------
Melee: Long sword        |   136 |   127 |       ||   263
       Battleaxe         |       |    18 |   117 ||   135
Throw: Javelin           |       |     8 |       ||     8
  Use: Potion            |       |     2 |     1 ||     3
       Scroll            |       |     1 |       ||     1
Armor: Scale mail        |    85 |       |       ||    85
       Leather armour    |    23 |    47 |    53 ||   123
Dodge: Dodged            |    82 |    86 |   100 ||   268
Block: Buckler           |    52 |    31 |       ||    83

Table legend: (Time is in decaauts)
 A = Elapsed time spent in this place.
 B = Non-inter-level travel time spent in this place.
 C = Inter-level travel time spent in this place.
 D = Time resting spent in this place.
 E = Time spent auto-exploring this place.
 F = Levels seen in this place.
 G = Mean time per level.
                   A        B        C        D        E       F      G
               +--------+--------+--------+--------+--------+-----+--------+
         Total |   8399 |   8085 |    314 |   2018 |   4911 |   8 | 1049.9 |
       Dungeon |   8320 |   8015 |    305 |   2018 |   4844 |   7 | 1188.6 |
        Temple |     79 |     71 |      8 |      0 |     67 |   1 |   79.0 |
               +--------+--------+--------+--------+--------+-----+--------+

Top non-repeatable levels by time:
     D:5: 1987 daAuts
     D:1: 1569 daAuts
     D:4: 1393 daAuts
     D:6: 1355 daAuts
     D:3: 956 daAuts
     D:2: 926 daAuts
     D:7: 132 daAuts
  Temple: 79 daAuts
